 Dungeon Crawl Stone Soup version 0.29.1-15-g9cfb28693d (webtiles) character file.

Game seed: 12342457615493184023

5576 croobank the Scribe (level 10, -1/68 (74) HPs)
             Began as a Demonspawn Fire Elementalist on Apr 5, 2023.
             Was a Priest of Sif Muna.
             Killed from afar by Erolcha (20 damage)
             ... with a fireball
             ... on level 10 of the Dungeon.
             The game lasted 00:37:12 (11093 turns).

croobank the Scribe (Demonspawn Fire Elementalist) Turns: 11093, Time: 00:37:12

HP:   -1/68 (74)    AC: 10    Str:  8    XL:     10   Next: 44%
MP:   9/17          EV: 14    Int: 21    God:    Sif Muna [***...]
Gold: 712           SH:  5    Dex: 14    Spells: 5/18 levels left

rFire   . . .      SeeInvis .   a - +3 spear of Painted Subterfuge {venom, rPois rN+}
rCold   . . .      Faith    .   (no shield)
rNeg    + . .      Spirit   .   o - +1 steam dragon scales
rPois   +          Reflect  +   A - +1 hat
rElec   .          Harm     .   (no cloak)
rCorr   .          Rampage  .   (no gloves)
Will    ++...                   (no boots)
Stlth   +++.......              I - amulet of reflection
HPRegen 0.21/turn               x - ring of willpower
MPRegen 0.15/turn               t - ring of willpower

@: mighty, brilliant, hasted, drained, very quick
A: antennae 2, icy blue scales 2, spiny 2, mutation resistance 1
a: Renounce Religion, Channel Magic, Forget Spell


You were on level 10 of the Dungeon.
You worshipped Sif Muna.
Sif Muna was most pleased with you.
You visited 1 branch of the dungeon, and saw 10 of its levels.
You also visited: Bailey.

You collected 780 gold pieces.
You spent 68 gold pieces at shops.

Inventory:

Hand Weapons
 a - the +3 spear of Painted Subterfuge (weapon) {venom, rPois rN+}
   (You took it off a goblin on level 3 of the Dungeon)

   It poisons the flesh of those it strikes.
   rPois:     It protects you from poison.
   rN:        It protects you from negative energy.
 D - a +2 war axe
 E - a +0 quarterstaff
 J - a +4 trident
 M - a +0 long sword
 O - the +9 war axe "Bethroak" {drain, rC- Str+4}
   (You found it on level 8 of the Dungeon)

   A truly terrible weapon, it drains the life of any living foe it strikes.
   Str:       It affects your strength (+4).
   rC:        It makes you vulnerable to cold.
 R - a +4 dagger
 T - a +0 spectral broad axe
Missiles
 c - 2 throwing nets (quivered)
 j - 28 poisoned darts
 S - 8 atropa-tipped darts
 V - 9 curare-tipped darts
Armour
 e - a +0 ring mail
 o - +1 steam dragon scales (worn)
 A - a +1 hat (worn)
 B - +0 ice dragon scales
 C - a +0 kite shield
 N - +0 acid dragon scales
Magical Staves
 r - a staff of air
 X - a staff of conjuration
Jewellery
 b - a +4 ring of evasion
 f - the ring of Uvis {+Blink rF+ Str+3}
   (You acquired it on level 9 of the Dungeon)

   [ring of protection from fire]

   Str:       It affects your strength (+3).
   rF:        It protects you from fire.
   +Blink:    It lets you blink.
 h - a +4 ring of protection
 i - an amulet of regeneration
 l - a +6 ring of strength
 t - a ring of willpower (right hand)
 x - a ring of willpower (left hand)
 F - a ring of see invisible
 I - an amulet of reflection (around neck)
 U - a ring of fire
Wands
 d - a wand of flame (20)
 n - a wand of charming (29)
 p - a wand of iceblast (8)
 y - a wand of digging (1)
 Y - a wand of mindburst (14)
 Z - a wand of polymorph (5)
Scrolls
 q - 4 scrolls of immolation
 u - 2 scrolls of teleportation
 L - a scroll of blinking
 P - a scroll of enchant armour
Potions
 g - 3 potions of berserk rage
 k - a potion of flight
 m - 4 potions of lignification
 s - 3 potions of mutation
 v - 2 potions of curing
 w - 2 potions of magic
 z - 3 potions of attraction
 G - a potion of ambrosia
 H - a potion of might
 K - a potion of haste
 W - a potion of heal wounds {unknown}


   Skills:
 + Level 5.0 Fighting
 + Level 4.1 Polearms
 + Level 5.1 Dodging
 + Level 5.4 Stealth
 + Level 4.7 Spellcasting
 + Level 5.7 Conjurations
 + Level 3.9 Hexes
 + Level 5.1 Fire Magic
 + Level 2.4 Air Magic
 - Level 2.1 Poison Magic
 + Level 6.6 Invocations


You had 5 spell levels left.
You knew the following spells:

 Your Spells              Type           Power      Damage    Failure   Level
a - Foxfire               Conj/Fire      100%       2x1d9     1%          1
b - Scorch                Fire           80%        2d9       1%          2
c - Flame Wave            Conj/Fire      42%        2d11      12%         4
d - Inner Flame           Hex/Fire       36%        N/A       4%          3
e - Mephitic Cloud        Conj/Pois/Air  29%        N/A       9%          3

Your spell library contained the following spells:

 Spells                   Type           Power      Damage    Failure   Level
 Magic Dart               Conj           100%       1d8       1%          1
 Conjure Flame            Conj/Fire      42%        6-21      3%          3
 Dazzling Flash           Conj/Hex       76%        N/A       4%          3
 Call Imp                 Summ           7%         N/A       17%         2
 Gell's Gravitas          Tloc           7%         N/A       32%         3
 Lesser Beckoning         Tloc           7%         N/A       32%         3
 Teleport Other           Tloc           7%         N/A       32%         3
 Iskenderun's Mystic Bla  Conj/Tloc      25%        2d7       32%         4
 Starburst                Conj/Fire      21%        6d7       87%         6


Dungeon Overview and Level Annotations

Branches:
Dungeon (10/15)            Temple (0/1) D:6            Lair (0/5) D:8
 Bailey (visited)
    Orc: D:9-12

Altars:
Ashenzari
Fedhas
Okawaru
Sif Muna
Trog
Uskayaw
Xom
Yredelemnul

Shops:
D:1 ?   D:3 *   D:5 [

Annotations:
D:10 Erolcha


Innate Abilities, Weirdness & Mutations

You have a pair of antennae on your head.
You are mostly covered in icy blue scales. (AC +3)
You are mostly covered in sharp spines.
You are somewhat resistant to further mutation.


Message History

The wight is struck by your spines.
You destroy the wight!
Sif Muna accepts your kill.
You completely miss the wight.
The wight is moderately damaged.
The wight hits you with a +0 great sword.
You partially resist.
You feel drained.
You hit the wight.
The wight is severely damaged.
The wight barely misses you.
Casting: Scorch (safe; 1% risk of failure)
Confirm with . or Enter, or press ? or * to list all spells.
Flames lash something.
You block the wight's attack.
Casting: Scorch (safe; 1% risk of failure)
Confirm with . or Enter, or press ? or * to list all spells.
You don't know that spell.
You puncture something!
The wight hits you with a +0 great sword!
You partially resist.
You feel drained. Something barely misses you.
You hit something.
Erolcha appears from thin air!
Reactivating autopickup.
You block the wight's attack.
You closely miss Erolcha.
Erolcha is heavily wounded.
Erolcha gestures wildly while chanting.
Erolcha blinks!
The wight is struck by your spines.
The wight hits you with a +0 great sword.
* * * LOW HITPOINT WARNING * * *
You partially resist.
You feel drained.
* * * LOW HITPOINT WARNING * * *
Okay, then.
It was a potion of haste.
You feel yourself speed up. The wight is struck by your spines.
You destroy the wight!
Sif Muna accepts your kill.
It was a potion of brilliance.
You feel clever all of a sudden.
Erolcha points at you and mumbles some strange words.
The fireball explodes!
The fireball engulfs you!!
You die...

##'###### ###.######
#..#### #.....#
##....# #####z####
######.### #......##
#(.......# #O###...#
#........# #...###)#
#...<....#######.###
...#
#..............§)#
#...#
#....))(.#######@#
#...# ######.### #(#
#...# ###.# #.#
#...# ##...# #..
#..§# #..### ##+
###'######
.........#
.........+
.........#


You could see Erolcha (very poisoned, combustible).

Vanquished Creatures
  Maggie (D:10)
  A shadow (D:9)
  A wraith (D:9)
  8 yaks
  2 steam dragons (D:8)
  Duvessa (D:4)
  4 orc warriors
  A black bear (D:5)
  A sky beast (D:8)
  2 centaurs (D:7)
  An ogre (D:5)
  9 kobold brigands
  3 necrophages
  2 bullfrogs (D:7)
  A gnoll sergeant (D:8)
  2 scorpions
  6 wights
  Dowan (D:4)
  4 killer bees (D:9)
  An oklob sapling (D:6)
  7 howler monkeys
  3 jellies
  3 orc priests
  5 hounds
  Jessica (D:3)
  Natasha (thrice) (D:3)
  An orc wizard (D:8)
  8 adders
  4 gnolls (D:8)
  3 white imps
  2 dart slugs
  18 orcs
  6 ball pythons
  9 endoplasms
  3 giant cockroaches
  14 goblins
  6 hobgoblins
  2 jackals (D:2)
  A quokka (D:2)
  4 bats
  3 frilled lizards
  31 kobolds
  2 rats (D:1)
191 creatures vanquished.

Vanquished Creatures (collateral kills)
  A centaur (D:10)
  2 foxfires (D:1)
3 creatures vanquished.

Vanquished Creatures (others)
  327 foxfires
  7 plants
334 creatures vanquished.

Grand Total: 528 creatures vanquished

Notes
Turn   | Place    | Note
-------+----------+-------------------------------------------
     0 | D:1      | croobank the Demonspawn Fire Elementalist began the quest
                  | for the Orb.
     0 | D:1      | Reached XP level 1. HP: 13/13 MP: 3/3
    39 | D:1      | Found a faded altar of an unknown god.
   587 | D:1      | Gained mutation: You are partially covered in icy blue
                  | scales. (AC +2) [demonic ancestry]
   587 | D:1      | Reached XP level 2. HP: 19/19 MP: 0/5
   592 | D:1      | Learned a level 2 spell: Scorch
   726 | D:1      | Found Dutsaonu's Magic Scroll Boutique.
   732 | D:1      | Bought a scroll of identify for 20 gold pieces
   753 | D:1      | Gained mutation: You are somewhat resistant to further
                  | mutation. [potion of mutation]
  1463 | D:2      | Found a shimmering blue altar of Sif Muna.
  1472 | D:2      | Gained mutation: You are partially covered in sharp spines.
                  | [demonic ancestry]
  1472 | D:2      | Reached XP level 3. HP: 25/25 MP: 2/6
  1478 | D:2      | Became a worshipper of Sif Muna the Loreminder
  1888 | D:2      | You fall into a shaft and drop 1 floor!
  1955 | D:3      | Noticed Jessica
  1960 | D:3      | Killed Jessica
  1961 | D:3      | Reached skill level 1 in Fighting
  1961 | D:3      | Reached skill level 1 in Invocations
  1961 | D:3      | Reached XP level 4. HP: 32/32 MP: 4/7
  2281 | D:2      | Noticed a necrophage
  2289 | D:2      | Killed a necrophage
  2290 | D:2      | Reached XP level 5. HP: 37/37 MP: 0/8
  2362 | D:2      | Learned a level 4 spell: Flame Wave
  2431 | D:2      | Reached * piety under Sif Muna
  2950 | D:3      | Found Gaidwomecy's General Store.
  2962 | D:3      | Bought a scroll of immolation for 48 gold pieces
  3029 | D:3      | Noticed Natasha
  3036 | D:3      | Killed Natasha
  3037 | D:3      | Reached skill level 2 in Invocations
  3047 | D:3      | Identified the +3 spear of Painted Subterfuge {venom, rPois
                  | rN+}
  3170 | D:3      | Found an iron altar of Okawaru.
  3208 | D:3      | Noticed Natasha
  3214 | D:3      | Killed Natasha
  3275 | D:3      | Noticed Natasha
  3287 | D:3      | Killed Natasha
  3748 | D:4      | Gained mutation: You have a pair of small antennae on your
                  | head. [demonic ancestry]
  3748 | D:4      | Reached XP level 6. HP: 44/44 MP: 7/10
  3821 | D:4      | Noticed Duvessa
  3821 | D:4      | Noticed Dowan
  3827 | D:5      | Entered Level 5 of the Dungeon
  3827 | D:5      | Found a blossoming altar of Fedhas.
  3832 | D:5      | Learned a level 3 spell: Inner Flame
  4029 | D:5      | Found Fakkuklu's Antique Armour Boutique.
  4058 | D:5      | Reached skill level 1 in Polearms
  4152 | D:5      | Reached skill level 3 in Invocations
  4152 | D:5      | Gained mutation: You have a pair of antennae on your head.
                  | [demonic ancestry]
  4152 | D:5      | Reached XP level 7. HP: 51/51 MP: 1/11
  4354 | D:5      | Found a basalt altar of Yredelemnul.
  4354 | D:5      | Found a bloodstained altar of Trog.
  4460 | D:4      | Killed Duvessa
  4467 | D:4      | Killed Dowan
  4468 | D:4      | Reached skill level 1 in Hexes
  5825 | D:5      | Found a hide-covered altar of Uskayaw.
  6564 | D:6      | Reached XP level 8. HP: 57/57 MP: 5/13
  6700 | D:6      | Found a staircase to the Ecumenical Temple.
  7167 | D:6      | Reached skill level 4 in Invocations
  7385 | D:7      | Learned a level 3 spell: Mephitic Cloud
  7544 | D:7      | Reached ** piety under Sif Muna
  7665 | D:7      | Reached skill level 1 in Poison Magic
  8041 | D:8      | Gained mutation: You are mostly covered in sharp spines.
                  | [demonic ancestry]
  8041 | D:8      | Reached XP level 9. HP: 65/65 MP: 10/15
  8042 | D:8      | Identified the +9 war axe "Bethroak" {drain, rC- Str+4}
  8333 | D:7      | Reached skill level 5 in Invocations
  8717 | D:8      | Found a shimmering altar of Xom.
  8845 | D:8      | Found a staircase to the Lair.
  8846 | D:8      | Noticed a komodo dragon
  8872 | D:9      | Identified a scroll of acquirement
  8872 | D:9      | Acquired the ring of Uvis {+Blink rF+ Str+3}
  8896 | D:9      | Found a broken altar of Ashenzari.
  8985 | D:9      | Found a flagged portal.
  9014 | Bailey   | Entered a bailey
  9024 | Bailey   | Reached *** piety under Sif Muna
  9267 | Bailey   | Found a burning altar of Makhleb.
  9278 | Bailey   | Reached skill level 5 in Conjurations
  9278 | Bailey   | Reached skill level 1 in Air Magic
  9695 | D:9      | Reached skill level 5 in Stealth
  9695 | D:9      | Reached skill level 6 in Invocations
  9814 | D:9      | Identified the +1 robe of Luxyac {rF- Regen+ Str+3}
 10006 | D:9      | Gained mutation: You are mostly covered in icy blue scales.
                  | (AC +3) [demonic ancestry]
 10006 | D:9      | Reached XP level 10. HP: 43/73 MP: 2/16
 10550 | D:10     | Entered Level 10 of the Dungeon
 10594 | D:10     | Reached skill level 5 in Fire Magic
 10608 | D:10     | Reached skill level 5 in Dodging
 10766 | D:10     | Noticed Maggie
 10784 | D:10     | Killed Maggie
 10785 | D:10     | Reached skill level 5 in Fighting
 11044 | D:10     | Noticed Erolcha
 11093 | D:10     | Killed from afar by Erolcha

Illustrated notes

Levels and vault maps discovered:
D:1:      dpeg_arrival_shelter, layout_basic, serial_shops, nicolae_square_shop,
          hellmonk_ecumenical_altar_zigzags, serial_bayou_lake_a
D:2:      layout_basic, basic_altar, minmay_tetromino_i4
D:3:      layout_loops_ring, okawaru_ov_weapons_minmay, serial_shops, shop,
          minivault_25, grunt_decor_arrowhead, uniq_natasha, uniq_jessica
D:4:      layout_basic, uniq_duvessa
D:5:      layout_layer_cave, fedhas_altar_2,
          gammafunk_temple_overflow_forgotten, kennysheep_mini, serial_shops,
          kennysheep_little_box, hangedman_decor_slide_cut
D:6:      layout_loops_ring, minmay_temple_entry_oklob
D:7:      layout_rooms
D:8:      layout_rooms, lemuel_crystal_altar, david_lair_shrubbed
D:9:      layout_stronghold, lemuel_doored_altar, enter_bailey_5
D:10:     layout_roguey, nrook_uturn, kb_lookout_dungeons_type, uniq_sonja,
          uniq_erolcha, uniq_josephine, uniq_maggie

Skill      XL: |  1  2  3  4  5  6  7  8  9 10 |
---------------+-------------------------------+-----
Stealth        | 2 3 4 5 |  5.4
Dodging        | 2 3 4 5 |  5.1
Fighting       | 1 2 3 4 5 |  5.0
Fire Magic     | 3 4 5 |  5.1
Invocations    | 1 2 3 4 6 |  6.6
Conjurations   | 2 3 4 5 |  5.7
Spellcasting   | 3 4 |  4.7
Polearms       | 1 2 3 4 |  4.1
Hexes          | 1 3 |  3.9
Poison Magic   | 1 2 |  2.1
Air Magic      | 1 2 |  2.4

Action                   |  1- 3 |  4- 6 |  7- 9 | 10-12 || total
-------------------------+-------+-------+-------+-------++-------
Melee: Unarmed           |     1 |       |       |       ||     1
       Mace              |     7 |     3 |       |       ||    10
       Spear             |       |    26 |   105 |    66 ||   197
       Punch             |       |       |     1 |     1 ||     2
 Fire: Sling             |       |     4 |       |       ||     4
Throw: Throwing net      |       |       |       |     2 ||     2
 Cast: Foxfire           |    54 |    34 |   107 |       ||   195
       Scorch            |     5 |    28 |    62 |    23 ||   118
       Inner Flame       |       |       |     3 |       ||     3
       Flame Wave        |       |       |     1 |       ||     1
       Mephitic Cloud    |       |       |       |     1 ||     1
Invok: Channel Magic     |       |       |       |     1 ||     1
Evoke: Wand              |       |     1 |     3 |       ||     4
  Use: Scroll            |     4 |     1 |    12 |     3 ||    20
       Potion            |     1 |       |     4 |     3 ||     8
 Stab: Sleeping          |       |     1 |     4 |       ||     5
       Held in net/web   |       |       |       |     1 ||     1
Armor: Robe              |     9 |    15 |    25 |       ||    49
       Skin              |       |       |     1 |       ||     1
       Steam dragon scal |       |       |     7 |    25 ||    32
Dodge: Dodged            |     3 |    24 |    70 |    41 ||   138
Block: Other             |       |       |    19 |     9 ||    28
       Reflection        |       |       |     3 |       ||     3
